 Dungeon Crawl Stone Soup version 0.21.0-3-g78d12a8 (console) character file.

695 ahub the Cutter (level 7, -7/67 HPs)
             Began as a Troll Assassin on Jan 11, 2018.
             Killed by divine providence
             ... invoked by an orc priest
              (12 damage)
             ... on level 4 of the Dungeon.
             The game lasted 00:06:40 (3083 turns).

ahub the Cutter (Troll Assassin)                    Turns: 3083, Time: 00:06:41

Health: -7/67      AC:  7    Str: 20    XL:     7   Next: 37%
Magic:  6/6        EV: 11    Int:  7    God:
Gold:   92         SH:  0    Dex: 13    Spells: 6/6 levels left

rFire    . . .     SeeInvis .   a - +2 dagger
rCold    . . .     Gourm    +   (no shield)
rNeg     . . .     Faith    +   c - +0 robe
rPois    .         Spirit   .   (helmet restricted)
rElec    .         Reflect  .   d - +1 cloak
rCorr    .         Harm     .   (gloves unavailable)
MR       .....                  (boots unavailable)
Stlth    ++........             k - amulet of faith
HPRegen  0.61/turn              (no ring)
MPRegen  0.10/turn              (no ring)

@: no status effects
A: large, unfitting armour, claws 3, fast metabolism 3, gourmand, regeneration
1, shaggy fur 1, tough skin 2
a: no special abilities


You were on level 4 of the Dungeon.
You were full.

You visited 1 branch of the dungeon, and saw 4 of its levels.

You collected 92 gold pieces.

Inventory:

Hand Weapons
 a - a +2 dagger (weapon)
 b - a +0 blowgun
Missiles
 e - 8 poisoned needles
 f - 2 curare-tipped needles
Armour
 c - a +0 robe (worn)
 d - a +1 cloak (worn)
 t - a +0 scale mail
Jewellery
 k - an amulet of faith (around neck)
Wands
 j - a wand of flame (18)
Scrolls
 h - a scroll of teleportation
 m - 2 scrolls of amnesia {unknown}
 o - a scroll of enchant armour
 p - a scroll of identify {unknown}
 r - a scroll of remove curse
Potions
 i - a potion of flight
 l - a potion of ambrosia
 n - a potion of curing {unknown}
Books
 q - a book of Cantrips

   Spells                             Type                      Level
   a - Confusing Touch                Hexes                        1
   b - Animate Skeleton               Necromancy                   1
   c - Summon Small Mammal            Summoning                    1
   d - Apportation                    Translocation                1
Comestibles
 g - 4 rations


   Skills:
 + Level 3.6 Fighting
 + Level 3.6 Short Blades
 - Level 1.7 Throwing
 + Level 3.3 Dodging
 + Level 3.3 Stealth


You had 6 spell levels left.
You didn't know any spells.

Dungeon Overview and Level Annotations

Branches:
Dungeon (4/15)
 Temple: D:4-7

Altars:
Kikubaaqudgha
Uskayaw


Innate Abilities, Weirdness & Mutations

You are too large for most types of armour.
You have claws for hands.
Your metabolism is lightning-fast.
You like to eat raw meat.
Your natural rate of healing is unusually fast.
You are covered in fur. (AC +1)
You have very tough skin. (AC +2)


Message History

The orc is severely wounded.
The orc hits you with a flail!
The orc priest calls down the wrath of Beogh upon you.
Beogh smites you!
* * * LOW HITPOINT WARNING * * *
You hit the orc but do no damage.
The orc is severely wounded.
The orc closely misses you.
You barely miss the orc.
The orc is severely wounded.
The orc priest mumbles some strange prayers to Beogh against you.
Beogh smites you!
* * * LOW HITPOINT WARNING * * *
The orc hits you with a flail.
* * * LOW HITPOINT WARNING * * *
You barely miss the orc.
The orc is severely wounded.
The orc priest calls down the wrath of Beogh upon you.
Beogh smites you!
You die...

.. .... #..... #.
#..# ###### #..
.... .##.. #..#
......#..###
.##.o.#....#
....o.oo##.# #o##.#
#s##.# #o##.#
#@##.######
#.........#
####.####.#
####.####.# #
#.......#.# ##
#.##.###..# ##.
#.## ##.######.#
#.# #........# #.##
##.######.#
##.###.)# ##.
##.###...#.########


You could see an orc priest, 3 orcs and a giant cockroach.

Vanquished Creatures
  A hungry ghost (D:4)
  Edmund (D:4)
  An ogre (D:4)
  The ghost of bmj180 the Covered, an amateur HaFi (D:3)
  3 electric eels (D:3)
  An iguana (D:4)
  A howler monkey skeleton (D:4)
  8 adders
  3 worms
  A dart slug (D:2)
  2 leopard geckos
  5 orcs
  A ball python (D:3)
  8 bats
  4 giant cockroaches
  6 goblins
  3 hobgoblins
  5 jackals (D:3)
  2 quokkas
  4 frilled lizards
  5 kobolds
  3 rats
69 creatures vanquished.

Notes
Turn   | Place    | Note
-------+----------+-------------------------------------------
     0 | D:1      | ahub the Troll Assassin began the quest for the Orb.
     0 | D:1      | Reached XP level 1. HP: 19/19 MP: 0/0
   160 | D:1      | Reached skill level 1 in Dodging
   178 | D:1      | Reached XP level 2. HP: 27/28 MP: 1/1
   668 | D:2      | Reached XP level 3. HP: 30/35 MP: 2/2
  1027 | D:2      | Reached XP level 4. HP: 35/42 MP: 3/3
  1313 | D:3      | Noticed bmj180's ghost (amateur HaFi)
  1314 | D:3      | Found a transporter.
  1618 | D:3      | Killed bmj180's ghost
  1618 | D:3      | Reached XP level 5. HP: 16/50 MP: 4/4
  1864 | D:3      | Reached XP level 6. HP: 50/59 MP: 5/5
  1888 | D:3      | Found a transporter.
  1944 | D:3      | Found an ancient bone altar of Kikubaaqudgha.
  2317 | D:3      | Found a hide-covered altar of Uskayaw.
  2675 | D:4      | Noticed a hungry ghost
  2705 | D:4      | Killed a hungry ghost
  2922 | D:4      | Reached XP level 7. HP: 50/67 MP: 6/6
  2972 | D:4      | Noticed Edmund
  3034 | D:4      | Killed Edmund
  3083 | D:4      | Killed from afar by an orc priest

Skill      XL: |  1  2  3  4  5  6 |
---------------+-------------------+-----
Dodging        | 1 2 3 |  3.3
Fighting       | 2 3 |  3.6
Short Blades   | 2 3 |  3.6
Stealth        | 3 |  3.3
Throwing       | |  1.7

Action                   |  1- 3 |  4- 6 |  7- 9 || total
-------------------------+-------+-------+-------++-------
Melee: Dagger            |   129 |   209 |    72 ||   410
Evoke: Wand              |       |     3 |       ||     3
  Use: Scroll            |     2 |     1 |       ||     3
       Potion            |       |     2 |       ||     2
 Stab: Sleeping          |     5 |     5 |     1 ||    11
  Eat: Chunk             |     8 |    23 |     5 ||    36
       Ration            |       |     2 |       ||     2
Armor: Robe              |    49 |    70 |     6 ||   125
Dodge: Dodged            |    58 |    98 |    22 ||   178
